 Dungeon Sprint DCSS version 0.23.0-3-gf3c87f2 (webtiles) character file.

Game seed: 3764472059845442998

8075 nuthulu the Unseen (level 11, -7/64 HPs)
             Began as a Spriggan Assassin on Feb 24, 2019.
             Was the Champion of Dithmenos.
             Mangled by a spriggan rider
             ... wielding a +0 spear
              (21 damage)
             ... in the Dungeon (Sprint IV: "Fedhas' Mad Dash").
             The game lasted 00:07:49 (2362 turns).

nuthulu the Unseen (Spriggan Assassin)              Turns: 2362, Time: 00:07:49

Health: -7/64      AC:  3    Str:  7    XL:     11   Next: 5%
Magic:  21/22      EV: 36    Int: 12    God:    Dithmenos [******]
Gold:   113        SH:  8    Dex: 22    Spells: 10/10 levels left

rFire    . . .     SeeInvis +   h - +5 quick blade
rCold    . . .     Gourm    .   i - +2 buckler
rNeg     . . .     Faith    .   c - +0 robe
rPois    .         Spirit   .   (helmet restricted)
rElec    .         Reflect  .   d - +0 cloak
rCorr    .         Harm     .   (gloves unavailable)
MR       +....     NoTele   +   (boots unavailable)
Stlth    +++.......             o - amulet of invisibility {+Inv}
HPRegen  0.20/turn              (no ring)
MPRegen  0.18/turn              (no ring)

@: contaminated, starving, glowing, invisible (but backlit and visible), very
quick
A: very small, unfitting armour, repulsion field 1, see invisible, herbivore,
speed 3, slow metabolism 2
a: Shadow Step, Shadow Form, Renounce Religion


You were in the Dungeon.
You worshipped Dithmenos.
Dithmenos was exalted by your worship.
You were starving.

You visited 1 branch You collected 221 gold pieces.
You spent 108 gold pieces at shops.

Inventory:

Hand Weapons
 a - a +2 dagger
 b - a +0 blowgun
 h - a +5 quick blade (weapon)
Missiles
 e - 8 poisoned needles
 f - 2 curare-tipped needles
Armour
 c - a +0 robe (worn)
 d - a +0 cloak (worn)
 i - a +2 buckler (worn)
Magical Staves
 g - an uncursed staff of cold {unknown}
Jewellery
 l - the ring "Lairuigonu" {rPois rN+ Str+2, unknown}
   (You found it in the Dungeon)

   [ring of poison resistance]

   It affects your strength (+2).
   It protects you from poison.
   It protects you from negative energy.
 o - the amulet of invisibility (around neck) {+Inv}
   (You found it in the Dungeon)

   [amulet of nothing]

   It lets you turn invisible.
Scrolls
 j - a scroll of immolation
 m - 3 scrolls of blinking
Potions
 k - 2 potions of magic


   Skills:
 + Level 10.4 Fighting
 + Level 13.2 Short Blades
 - Level 4.4 Throwing
 + Level 16.3 Dodging
 + Level 18.2 Stealth
 + Level 14.3 Evocations


You had 10 spell levels left.
You didn't know any spells.
Your spell library contained the following spells:

 Spells                   Type           Power        Failure   Level  Hunger
 Magic Dart               Conj           #...         50%         1    ##.....
 Blink                    Tloc           N/A          63%         2    ###....
 Call Imp                 Summ           #.......     63%         2    ###....
 Slow                     Hex            #.......     63%         2    ###....
 Conjure Flame            Conj/Fire      #.......     86%         3    ####...
 Mephitic Cloud           Conj/Pois/Air  #.......     86%         3    ####...


Dungeon Overview and Level Annotations

Branches:
Dungeon (1/1)

Altars:
Cheibriados
Dithmenos
Elyvilon
Gozag
Hepliaklqana
Kikubaaqudgha
Makhleb
Nemelex Xobeh
Okawaru
Qazlal
Ru
Sif Muna
Trog
Uskayaw
Vehumet
Wu Jian
Xom
Yredelemnul
Zin
The Shining One
Beogh
Jiyva
Lugonu

Shops:
D [}**}[[?


Innate Abilities, Weirdness & Mutations

You are very small and have problems with some larger weapons.
You are too small for most types of armour.
You have supernaturally acute eyesight. (SInv)
You are a herbivore.
You cover ground extremely quickly.
You need to consume almost no food.
You are surrounded by a mild repulsion field. (EV +2)


Message History

The spriggan rider completely misses you.
You miss the spriggan.
The spriggan is severely wounded.
You hit the spriggan but do no damage.
The spriggan is severely wounded.
You barely miss the spriggan.
The spriggan is severely wounded.
Your shadow hits the spriggan but does no damage.
You block the spriggan's attack. You block the spriggan rider's attack.
You see here 18 stones.
The spriggan completely misses you.
The spriggan rider hits you from afar with a +0 spear!
* * * LOW HITPOINT WARNING * * *
You hit the spriggan.
The spriggan is almost dead.
You hit the spriggan but do no damage.
The spriggan is almost dead.
The spriggan misses you.
The spriggan rider hits you from afar with a +0 spear!!
You die...

######################
_._.))#.)'...#....##∩#
._._..'..#...#....'..# +#
_._...#..###'##.(.##∩# $####
._._..#.(##∩∩.'...#### ....#
_._.⌠.#################...∩#
###########....(@###§§...♣
♣.###.'..'.......ii§§§)♣..∩#
.♣##..#..#.P.....####### ###
).###.##'##.P....#
.♣'...#♣.♣########
#######.....####
#..♣..♣....###
#.).♣......♣...♣###
.......♣.)...∩.∩..[.#


You could see a spriggan rider and a spriggan.

Vanquished Creatures
  Agnes (D)
  A spriggan defender (D)
  A spriggan berserker (D)
  A spriggan druid (D)
  6 oklob plants (D)
  A demonic crawler (D)
  3 wandering mushrooms (D)
  3 burning bushes (D)
  A queen bee (D)
  2 scorpions (D)
  4 killer bees (D)
  5 oklob saplings (D)
  A worker ant (D)
  3 spriggans (D)
  A river rat (D)
  A rat (D)
  A ballistomycete (D)
  A ballistomycete spore (D)
37 creatures vanquished.

Notes
Turn   | Place    | Note
-------+----------+-------------------------------------------
     0 | D        | nuthulu the Spriggan Assassin began the quest for the Orb.
     0 | D        | Reached XP level 1. HP: 10/10 MP: 2/2
    22 | D        | Reached skill level 6 in Stealth
    22 | D        | Reached XP level 2. HP: 14/15 MP: 3/3
    41 | D        | Noticed an oklob sapling
    43 | D        | Killed an oklob sapling
    43 | D        | Reached skill level 7 in Stealth
    43 | D        | Reached XP level 3. HP: 19/19 MP: 4/4
    47 | D        | Found the amulet of invisibility {+Inv}
    71 | D        | Found an opulent altar of Gozag.
    71 | D        | Found a hazy altar of Hepliaklqana.
    71 | D        | Found a burning altar of Makhleb.
    71 | D        | Found a roughly hewn altar of Beogh.
    71 | D        | Found a sparkling altar of Nemelex Xobeh.
    71 | D        | Found a snail-covered altar of Cheibriados.
    71 | D        | Found a sacrificial altar of Ru.
    71 | D        | Found a deep blue altar of Sif Muna.
    71 | D        | Found a shimmering altar of Xom.
    71 | D        | Found a basalt altar of Yredelemnul.
    72 | D        | Found a viscous altar of Jiyva.
    72 | D        | Found a bloodstained altar of Trog.
    72 | D        | Found an ornate altar of the Wu Jian Council.
    72 | D        | Noticed an oklob sapling priest
    73 | D        | Found an iron altar of Okawaru.
    73 | D        | Found a shadowy altar of Dithmenos.
    73 | D        | Found a glowing silver altar of Zin.
    74 | D        | Found a hide-covered altar of Uskayaw.
    74 | D        | Found an ancient bone altar of Kikubaaqudgha.
    75 | D        | Found a stormy altar of Qazlal.
    75 | D        | Found a glowing golden altar of the Shining One.
    75 | D        | Found a white marble altar of Elyvilon.
    76 | D        | Found a radiant altar of Vehumet.
    76 | D        | Found a corrupted altar of Lugonu.
    79 | D        | Killed an oklob sapling priest
    79 | D        | Reached skill level 5 in Dodging
    79 | D        | Reached skill level 8 in Stealth
    79 | D        | Reached XP level 4. HP: 25/25 MP: 2/5
    82 | D        | Became a worshipper of Dithmenos the Shadowed
   216 | D        | Reached skill level 5 in Short Blades
   216 | D        | Reached skill level 9 in Stealth
   216 | D        | Reached XP level 5. HP: 29/29 MP: 3/7
   302 | D        | Reached * piety under Dithmenos
   404 | D        | Reached skill level 10 in Stealth
   572 | D        | Found Duaguuto's Gadget Shop.
   572 | D        | Found Viqawneh's Antique Armour Emporium.
   668 | D        | Noticed a queen bee
   839 | D        | Reached skill level 5 in Fighting
   839 | D        | Reached skill level 5 in Evocations
   839 | D        | Reached XP level 6. HP: 35/35 MP: 7/10
   848 | D        | Reached ** piety under Dithmenos
   853 | D        | Killed a queen bee
   853 | D        | Reached skill level 11 in Stealth
   853 | D        | Reached XP level 7. HP: 39/39 MP: 8/13
   896 | D        | Reached skill level 10 in Dodging
   896 | D        | Reached skill level 12 in Stealth
   924 | D        | Gained mutation: You are surrounded by a mild repulsion
                  | field. (EV +2) [mutagenic glow]
  1130 | D        | Noticed an oklob plant
  1133 | D        | Killed an oklob plant
  1133 | D        | Reached *** piety under Dithmenos
  1133 | D        | Reached skill level 13 in Stealth
  1133 | D        | Reached XP level 8. HP: 45/45 MP: 11/15
  1243 | D        | Noticed a burning bush
  1246 | D        | Killed a burning bush
  1290 | D        | Bought a cloak for 108 gold pieces
  1295 | D        | Noticed a burning bush
  1295 | D        | Noticed a wandering mushroom
  1296 | D        | Noticed a wandering mushroom
  1298 | D        | Killed a wandering mushroom
  1302 | D        | Killed a burning bush
  1302 | D        | Reached **** piety under Dithmenos
  1302 | D        | Reached skill level 10 in Short Blades
  1302 | D        | Reached skill level 14 in Stealth
  1302 | D        | Reached skill level 10 in Evocations
  1304 | D        | Killed a wandering mushroom
  1304 | D        | Reached XP level 9. HP: 51/51 MP: 14/17
  1521 | D        | Found Zawkic's Armour Emporium.
  1521 | D        | Found Ereu's Gadget Shoppe.
  1574 | D        | Noticed a burning bush
  1574 | D        | Noticed an oklob plant
  1575 | D        | Noticed a wandering mushroom
  1576 | D        | Killed a burning bush
  1581 | D        | Killed an oklob plant
  1581 | D        | Reached skill level 15 in Stealth
  1584 | D        | Killed a wandering mushroom
  1584 | D        | Reached ***** piety under Dithmenos
  1679 | D        | Noticed a spriggan druid
  1681 | D        | Killed a spriggan druid
  1819 | D        | Noticed an oklob plant conjurer
  1822 | D        | Killed an oklob plant conjurer
  1822 | D        | Reached skill level 16 in Stealth
  2247 | D        | Noticed an oklob plant
  2247 | D        | Noticed an oklob plant summoner
  2248 | D        | Noticed an oklob plant shifter
  2252 | D        | Killed an oklob plant
  2252 | D        | Reached XP level 10. HP: 58/58 MP: 17/20
  2254 | D        | Killed an oklob plant summoner
  2257 | D        | Killed an oklob plant shifter
  2278 | D        | Noticed Agnes
  2280 | D        | Found Feunoz's Assorted Antiques.
  2280 | D        | Noticed a spriggan berserker
  2284 | D        | Killed a spriggan berserker
  2284 | D        | Reached skill level 15 in Dodging
  2284 | D        | Reached skill level 17 in Stealth
  2287 | D        | Found Juodichu's General Store.
  2288 | D        | Killed Agnes
  2288 | D        | Reached skill level 10 in Fighting
  2291 | D        | Noticed a spriggan defender
  2298 | D        | Killed a spriggan defender
  2298 | D        | Reached ****** piety under Dithmenos
  2298 | D        | Reached skill level 18 in Stealth
  2298 | D        | Reached XP level 11. HP: 64/64 MP: 22/22
  2303 | D        | Got a crude ivory ring
  2328 | D        | Noticed a spriggan rider
  2329 | D        | Found Edeistido's Antique Armour Emporium.
  2333 | D        | Found Mituontu's Magic Scroll Shoppe.
  2362 | D        | Mangled by a spriggan rider

Skill      XL: |  1  2  3  4  5  6  7  8  9 10 |
---------------+-------------------------------+-----
Fighting       | 2 3 4 5 6 7 9 10 | 10.4
Dodging        | 2 4 5 6 8 9 11 12 14 16 | 16.3
Stealth        | 6 7 8 9 10 11 13 14 16 18 | 18.2
Short Blades   | 3 4 5 6 7 9 10 11 13 | 13.2
Throwing       | 3 4 |  4.4
Evocations     | 2 5 6 8 10 12 14 | 14.3

Action                   |  1- 3 |  4- 6 |  7- 9 | 10-12 || total
-------------------------+-------+-------+-------+-------++-------
Melee: Dagger            |    19 |    44 |    58 |     6 ||   127
       Quick blade       |       |       |       |    19 ||    19
 Abil: Evoke Invisibilit |     1 |     6 |     9 |     1 ||    17
  Use: Potion            |       |     3 |     1 |       ||     4
       Scroll            |       |       |     2 |     2 ||     4
 Stab: Sleeping          |     3 |     1 |    14 |     7 ||    25
       Invisible         |       |     4 |       |       ||     4
  Eat: Ration            |       |       |     2 |       ||     2
Armor: Robe              |     3 |       |     1 |       ||     4
Dodge: Dodged            |    20 |    27 |    32 |    11 ||    90
Block: Buckler           |       |       |    16 |     5 ||    21
